 Dungeon Crawl Stone Soup version 0.30-b1-2-g02819fbbbe (webtiles) character file.

Game seed: 14455303359065671327

130 konarx the Shooter (level 4, -1/23 HPs)
             Began as a Spriggan Hunter on Oct 5, 2023.
             Killed by nerve-wracking pain
             ... invoked by Grinder
              (10 damage)
             ... on level 4 of the Dungeon.
             The game lasted 00:06:28 (2456 turns).

konarx the Shooter (Spriggan Hunter)                Turns: 2456, Time: 00:06:29

Health: -1/23      AC:  6    Str: 11    XL:     4   Next: 89%
Magic:  5/5        EV: 19    Int: 14    God:
Gold:   175        SH:  0    Dex: 24    Spells: 3/3 levels left

rFire   . . .        a - +0 shortbow
rCold   . . .        (shield currently unavailable)
rNeg    . . .        k - +4 robe of Augmentation {Str+4 Int+4 Dex+4}
rPois   .            (helmet restricted)
rElec   .            (no cloak)
rCorr   .            (gloves unavailable)
SInv    +            (boots unavailable)
Will    .....        (no amulet)
Stlth   ++           (no ring)
HPRegen 0.23/turn    (no ring)
MPRegen 0.09/turn

%: no passive effects
@: very quick
A: very small, no large weapons, unfitting armour, see invisible, speed 3
a: no special abilities


You were on level 4 of the Dungeon.
You visited 1 branch of the dungeon, and saw 4 of its levels.

You collected 175 gold pieces.

Inventory:

Hand Weapons
 a - a +0 shortbow (weapon)
Missiles
 l - 2 throwing nets
Armour
 k - the +4 robe of Augmentation (worn) {Str+4 Int+4 Dex+4}
   (You found it on level 3 of the Dungeon)

   Str:       It affects your strength (+4).
   Int:       It affects your intelligence (+4).
   Dex:       It affects your dexterity (+4).
Scrolls
 b - 2 scrolls of immolation
 d - a scroll of fear {unknown}
 h - a scroll of poison {unknown}
 i - a scroll of enchant armour {unknown}
 j - a scroll of noise {unknown}
 n - a scroll of fog {unknown}
 o - a scroll of enchant weapon {unknown}
 q - 3 scrolls of teleportation {unknown}
Potions
 c - a potion of lignification {unknown}
 e - 3 potions of might
 f - a potion of resistance
 g - a potion of invisibility {unknown}
 m - a potion of magic {unknown}
 p - 2 potions of curing
 r - a potion of berserk rage {unknown}
 s - 2 potions of heal wounds


   Skills:
 + Level 1.8 Fighting
 * Level 5.9 Ranged Weapons
 * Level 3.4 Dodging
 + Level 1.8 Stealth


You had 3 spell levels left.
You didn't know any spells.
Your spell library contained the following spells:

 Spells                   Type           Power      Damage    Failure   Level
 Sting                    Tmut/Pois      0%         1d3       28%         1
 Poisonous Vapours        Pois/Air       0%         N/A       41%         2
 Cause Fear               Hex            0%         N/A       96%         4
 Olgreb's Toxic Radiance  Pois           0%         N/A       96%         4
 Dragon Form              Tmut           0%         N/A       100%        7
 Dragon's Call            Summ           0%         N/A       100%        9


Dungeon Overview and Level Annotations

Branches:
Dungeon (4/15)
 Temple: D:4-7

Altars:

Annotations:
D:4 Grinder


Innate Abilities, Weirdness & Mutations

You are very small and have problems with some larger weapons.
You are too small for most types of armour.
You have supernaturally acute eyesight. (SInv)
You cover ground extremely quickly. (Speed+++)


Message History

Level annotation: Grinder
There is a stone staircase leading up here.
An iguana comes into view.
You shoot an arrow. The arrow hits the iguana!
The iguana hisses angrily.
The iguana is severely wounded.
You shoot an arrow. The arrow barely misses the iguana.
You shoot an arrow.
The arrow hits the iguana but does no damage.
The iguana is severely wounded.
You shoot an arrow. The arrow closely misses the iguana.
You shoot an arrow.
The arrow hits the iguana but does no damage.
The iguana is severely wounded.
You shoot an arrow. The arrow hits the iguana!
You kill the iguana!
An orc comes into view. It is wielding a +0 flail.
The orc shouts!
You shoot an arrow. The arrow barely misses the orc.
You shoot an arrow. The arrow hits the orc.
The orc is moderately wounded.
You shoot an arrow. The arrow hits the orc.
You kill the orc!
You shoot an arrow. The arrow closely misses Grinder.
You shoot an arrow. The arrow closely misses Grinder.
You shoot an arrow. The arrow hits Grinder.
Grinder is lightly wounded.
You shoot an arrow. The arrow barely misses Grinder.
Grinder gestures at you.
You suddenly lose the ability to move!
Grinder says, "I used to sell toenails on the black market."
The hobgoblin shouts!
Grinder completely misses you. Grinder gestures at you.
Pain shoots through your body!
Ouch! That really hurt!
You can move again.
Grinder gestures at you. Pain shoots through your body!
You die...

.....###...####.
.... #...# ...
#...# .. #...# .
##..## .. #...#
...#####...######
.......#........#
........@...#####
..##......###
###...##
##).....#
.......5.##
...####g..# ..#
#....# .# ##....#
#.....#


You could see Grinder and a hobgoblin.

Vanquished Creatures
  An iguana (D:4)
  4 gnolls
  A worm (D:3)
  A dart slug (D:2)
  An orc (D:4)
  7 endoplasms
  2 giant cockroaches (D:1)
  6 hobgoblins
  A kobold (D:3)
  3 quokkas
  3 ball pythons
  5 bats
  2 frilled lizards
  3 goblins
  23 rats
63 creatures vanquished.

Notes
Turn   | Place    | Note
-------+----------+-------------------------------------------
     0 | D:1      | konarx the Spriggan Hunter began the quest for the Orb.
     0 | D:1      | Reached XP level 1. HP: 10/10 MP: 2/2
   129 | D:1      | Reached XP level 2. HP: 14/14 MP: 3/3
   364 | D:1      | You fall into a shaft and drop 1 floor!
   808 | D:2      | Reached XP level 3. HP: 18/18 MP: 4/4
   851 | D:2      | Reached skill level 5 in Ranged Weapons
  1820 | D:2      | Reached XP level 4. HP: 22/23 MP: 5/5
  1878 | D:3      | Found the +4 robe of Augmentation {Str+4 Int+4 Dex+4}
  2368 | D:4      | Noticed Grinder
  2447 | D:4      | Paralysed by Grinder for 5 turns
  2456 | D:4      | Killed from afar by Grinder

Illustrated notes

Levels and vault maps discovered:
D:1:      lightli_arrival_lavapool, layout_loops_cross, serial_rivers,
          chequers_serial_rivers_room_a, chequers_serial_rivers_large_a,
          chequers_serial_rivers_marsh, chequers_serial_rivers_marsh
D:2:      layout_basic, minmay_rat_hole
D:3:      layout_rooms, minmay_misc_feat_nine_boxes
D:4:      layout_layer_cave, minmay_misc_feat_square,
          minmay_misc_feat_four_crosses, uniq_grinder

Skill      XL: |  1  2  3 |
---------------+----------+-----
Ranged Weapons | 5 |  5.9
Dodging        | 3 |  3.4
Fighting       | |  1.8
Stealth        | |  1.8

Action                     |  1- 3 |  4- 6 || total
---------------------------+-------+-------++-------
   Fire: Shortbow          |   114 |    43 ||   157
    Use: Scroll            |     1 |     3 ||     4
 Armour: Robe              |     1 |     3 ||     4
  Dodge: Dodged            |    30 |     9 ||    39
